[ PARTIDA AOE2 · #471810085 ]
1v1 RMMongoles vs Tatars
Equipo del jugador · VICT
Equipo rival · DERR
[ ANÁLISIS DE REPETICIÓN · EXTRAÍDO DE LA PARTIDA GRABADA ]
Feudal
10:59
Castillos
18:58
Imperial
35:55
| APM promedio | 26.9 |
| APM pico | 59 |
| eAPM promedio | 12.7 |
| Aldeanos / militares | 84 / 245 |
Foco
⚔️ 31.5% · 🌾 68.5%
Scout Cavalry ×180 · Fishing Ship ×24 · Mangudai ×22 · Galley ×20 · Unknown (2626) ×6 · Cannon Galleon ×6
Feudal
10:48
Castillos
21:58
Imperial
47:35
| APM promedio | 49.3 |
| APM pico | 114 |
| eAPM promedio | 24.2 |
| Aldeanos / militares | 101 / 231 |
Foco
⚔️ 51.4% · 🌾 48.6%
Scout Cavalry ×66 · Steppe Lancer ×65 · Skirmisher ×36 · Fishing Ship ×17 · Keshik ×13 · Galley ×12
Mapa de la partida
Recursos al inicio + cada clic de construcción. Línea gruesa = muro · recuadro discontinuo = muro de casas detectado. 🟡 oro · ⚪ piedra · 🟢 bayas · 🔶 jabalí · ⭕ reliquia
Inputs por minuto
— A Pink Elephant - - CSJ
Build order — A Pink Elephant
Primeras 150 de 365 acciones detectadas
| 0:20 | Construir | Town Center |
| 1:29 | Construir | House |
| 1:31 | Construir | House |
| 1:34 | Construir | House |
| 1:40 | Construir | House |
| 2:06 | Crear | Villager (Male) |
| 2:06 | Crear | Villager (Male) |
| 2:33 | Crear | Villager (Male) |
| 3:01 | Crear | Villager (Male) |
| 3:44 | Construir | Dock |
| 3:51 | Construir | House |
| 4:07 | Crear | Villager (Male) |
| 4:07 | Crear | Villager (Male) |
| 4:30 | Crear | Fishing Ship |
| 4:30 | Crear | Fishing Ship |
| 4:36 | Crear | Villager (Male) |
| 5:00 | Crear | Villager (Male) |
| 5:19 | Construir | Mill |
| 5:22 | Crear | Villager (Male) |
| 5:28 | Crear | Fishing Ship |
| 5:59 | Crear | Villager (Male) |
| 6:01 | Crear | Fishing Ship |
| 6:18 | Crear | Villager (Male) |
| 6:26 | Construir | Dock |
| 6:54 | Construir | Lumber Camp |
| 7:02 | Crear | Villager (Male) |
| 7:05 | Investigar | Loom |
| 7:08 | Construir | Mining Camp |
| 7:18 | Construir | House |
| 7:26 | Construir | House |
| 7:45 | Crear | Fishing Ship |
| 7:51 | Crear | Fishing Ship |
| 8:35 | Crear | Fishing Ship |
| 8:38 | Crear | Fishing Ship |
| 8:49 | Investigar | Feudal Age |
| 9:06 | Construir | Palisade Wall |
| 9:10 | Construir | Palisade Wall |
| 9:16 | Construir | Palisade Gate |
| 9:23 | Crear | Fishing Ship |
| 9:24 | Crear | Fishing Ship |
| 9:45 | Crear | Fishing Ship |
| 10:09 | Construir | Lumber Camp |
| 10:10 | Crear | Villager (Male) |
| 10:22 | Crear | Fishing Ship |
| 10:46 | Crear | Fishing Ship |
| 10:58 | Construir | Palisade Wall |
| 10:59 | Edad | Edad Feudal |
| 11:05 | Crear | Villager (Male) |
| 11:12 | Construir | Barracks |
| 11:29 | Crear | Unit 2626 |
| 11:30 | Crear | Unit 2626 |
| 11:33 | Construir | House |
| 11:44 | Construir | House |
| 11:48 | Crear | Demolition Raft |
| 11:52 | Investigar | Double-Bit Axe |
| 11:55 | Crear | Villager (Male) |
| 12:10 | Construir | House |
| 12:19 | Construir | House |
| 12:25 | Construir | Palisade Wall |
| 12:30 | Crear | Villager (Male) |
| 12:59 | Crear | Trade Cog |
| 13:03 | Crear | Unit 2626 |
| 13:05 | Crear | Demolition Raft |
| 13:07 | Construir | House |
| 13:28 | Construir | Market |
| 14:02 | Crear | Fishing Ship |
| 14:03 | Crear | Fishing Ship |
| 14:36 | Construir | Blacksmith |
| 14:40 | Crear | Villager (Male) |
| 14:44 | Crear | Unit 2626 |
| 15:58 | Crear | Unit 2626 |
| 16:18 | Investigar | Castle Age |
| 16:18 | Investigar | Castle Age |
| 16:19 | Crear | Villager (Male) |
| 16:24 | Construir | Mining Camp |
| 16:35 | Investigar | Fletching |
| 16:43 | Construir | Stable |
| 17:06 | Crear | Fire Galley |
| 17:07 | Crear | Fire Galley |
| 17:29 | Crear | Villager (Male) |
| 17:37 | Crear | Galley |
| 17:38 | Crear | Galley |
| 17:45 | Construir | House |
| 17:48 | Investigar | Bloodlines |
| 17:52 | Investigar | Gold Mining |
| 18:03 | Construir | Dock |
| 18:07 | Construir | House |
| 18:07 | Construir | House |
| 18:07 | Construir | House |
| 18:07 | Construir | House |
| 18:08 | Construir | House |
| 18:24 | Crear | Galley |
| 18:35 | Crear | Fishing Ship |
| 18:35 | Crear | Fishing Ship |
| 18:58 | Edad | Edad de los Castillos |
| 19:13 | Investigar | War Galley (upgrade) |
| 19:28 | Construir | Town Center |
| 19:33 | Crear | Villager (Male) |
| 19:33 | Crear | Villager (Male) |
| 20:08 | Crear | Villager (Male) |
| 20:08 | Crear | Villager (Male) |
| 20:20 | Crear | Galley |
| 20:20 | Crear | Galley |
| 20:30 | Crear | Villager (Male) |
| 20:34 | Crear | Villager (Male) |
| 20:34 | Crear | Villager (Male) |
| 20:34 | Crear | Villager (Male) |
| 20:35 | Crear | Villager (Male) |
| 21:00 | Construir | Castle |
| 21:05 | Investigar | Bodkin Arrow |
| 21:06 | Crear | Villager (Male) |
| 21:07 | Crear | Villager (Male) |
| 21:11 | Crear | Villager (Male) |
| 21:14 | Construir | House |
| 21:17 | Crear | Fishing Ship |
| 21:17 | Crear | Fishing Ship |
| 21:17 | Crear | Fishing Ship |
| 21:18 | Crear | Fishing Ship |
| 21:23 | Construir | House |
| 21:58 | Crear | Unit 2626 |
| 22:01 | Crear | Galley |
| 22:01 | Crear | Galley |
| 22:11 | Construir | University |
| 22:12 | Crear | Villager (Male) |
| 22:12 | Crear | Villager (Male) |
| 22:13 | Crear | Villager (Male) |
| 22:13 | Crear | Villager (Male) |
| 22:38 | Crear | Villager (Male) |
| 22:44 | Construir | Town Center |
| 22:52 | Crear | Mangudai |
| 22:52 | Crear | Mangudai |
| 22:52 | Crear | Mangudai |
| 23:15 | Construir | Lumber Camp |
| 23:28 | Crear | Mangudai |
| 23:29 | Crear | Villager (Male) |
| 23:30 | Crear | Villager (Male) |
| 24:14 | Investigar | Ballistics |
| 24:24 | Crear | Mangudai |
| 24:24 | Crear | Mangudai |
| 24:53 | Crear | Galley |
| 24:53 | Crear | Galley |
| 24:55 | Crear | Villager (Male) |
| 24:56 | Crear | Villager (Male) |
| 24:57 | Crear | Villager (Male) |
| 25:02 | Construir | Farm |
| 25:03 | Construir | Farm |
| 25:03 | Construir | Farm |
| 25:03 | Construir | Farm |
| 25:03 | Construir | Farm |
| 25:04 | Construir | Farm |
Build order — CSJ
Primeras 150 de 396 acciones detectadas
| 0:10 | Construir | Town Center |
| 0:39 | Construir | House |
| 0:54 | Construir | Palisade Gate |
| 0:57 | Construir | Palisade Wall |
| 1:25 | Construir | Palisade Wall |
| 1:28 | Construir | Palisade Wall |
| 1:38 | Construir | Palisade Wall |
| 1:53 | Crear | Villager (Male) |
| 1:53 | Crear | Villager (Male) |
| 1:53 | Crear | Villager (Male) |
| 2:06 | Construir | Palisade Gate |
| 2:08 | Construir | Palisade Wall |
| 2:11 | Construir | Palisade Wall |
| 2:12 | Construir | Palisade Wall |
| 2:16 | Crear | Villager (Male) |
| 2:16 | Crear | Villager (Male) |
| 2:23 | Investigar | Loom |
| 2:35 | Construir | House |
| 2:38 | Construir | Palisade Wall |
| 2:54 | Construir | Palisade Wall |
| 2:55 | Construir | Palisade Wall |
| 3:04 | Construir | House |
| 3:10 | Crear | Villager (Male) |
| 3:10 | Crear | Villager (Male) |
| 4:09 | Construir | House |
| 4:14 | Crear | Villager (Male) |
| 4:15 | Crear | Villager (Male) |
| 4:15 | Crear | Villager (Male) |
| 4:28 | Construir | House |
| 4:41 | Crear | Villager (Male) |
| 5:10 | Construir | Lumber Camp |
| 5:42 | Crear | Villager (Male) |
| 6:20 | Crear | Villager (Male) |
| 7:39 | Crear | Villager (Male) |
| 7:53 | Construir | Dock |
| 8:01 | Construir | House |
| 8:13 | Crear | Villager (Male) |
| 8:26 | Crear | Fishing Ship |
| 8:30 | Investigar | Feudal Age |
| 9:09 | Crear | Fishing Ship |
| 9:12 | Construir | House |
| 9:27 | Crear | Fishing Ship |
| 10:44 | Construir | Mining Camp |
| 10:48 | Edad | Edad Feudal |
| 11:03 | Crear | Villager (Male) |
| 11:04 | Crear | Villager (Male) |
| 11:06 | Crear | Fishing Ship |
| 11:33 | Construir | Dock |
| 11:55 | Crear | Villager (Male) |
| 11:59 | Investigar | Tech 906 |
| 12:05 | Construir | House |
| 12:15 | Crear | Fishing Ship |
| 12:26 | Construir | Dock |
| 12:38 | Crear | Fishing Ship |
| 12:43 | Investigar | Gold Mining |
| 12:44 | Crear | Villager (Male) |
| 12:55 | Crear | Fishing Ship |
| 13:10 | Crear | Villager (Male) |
| 13:13 | Investigar | Stone Mining |
| 13:18 | Construir | House |
| 13:36 | Crear | Galley |
| 13:36 | Crear | Galley |
| 13:45 | Crear | Villager (Male) |
| 13:50 | Crear | Fishing Ship |
| 14:02 | Construir | Watch Tower |
| 14:15 | Crear | Galley |
| 14:29 | Construir | Watch Tower |
| 14:31 | Crear | Villager (Male) |
| 14:37 | Investigar | Town Watch |
| 14:42 | Construir | House |
| 14:50 | Crear | Fishing Ship |
| 15:22 | Construir | Mill |
| 15:29 | Construir | House |
| 15:34 | Crear | Fishing Ship |
| 15:48 | Crear | Villager (Male) |
| 15:53 | Construir | Barracks |
| 15:59 | Crear | Fishing Ship |
| 16:15 | Crear | Fishing Ship |
| 16:24 | Construir | House |
| 16:28 | Crear | Villager (Male) |
| 17:00 | Construir | Lumber Camp |
| 17:06 | Crear | Villager (Male) |
| 17:37 | Crear | Villager (Male) |
| 17:43 | Construir | Blacksmith |
| 17:55 | Investigar | Double-Bit Axe |
| 18:01 | Crear | Villager (Male) |
| 18:16 | Construir | House |
| 18:29 | Construir | Stable |
| 18:33 | Crear | Demolition Raft |
| 18:48 | Crear | Villager (Male) |
| 18:55 | Construir | House |
| 19:17 | Construir | House |
| 19:17 | Construir | House |
| 19:18 | Investigar | Castle Age |
| 19:36 | Crear | Fishing Ship |
| 19:36 | Crear | Fishing Ship |
| 19:41 | Crear | Demolition Raft |
| 19:47 | Crear | Galley |
| 19:47 | Crear | Galley |
| 20:24 | Construir | Watch Tower |
| 20:33 | Crear | Demolition Raft |
| 20:38 | Construir | Dock |
| 20:42 | Crear | Villager (Male) |
| 20:47 | Construir | Lumber Camp |
| 20:57 | Investigar | Horse Collar |
| 21:10 | Crear | Galley |
| 21:41 | Construir | Fish Trap |
| 21:43 | Construir | Fish Trap |
| 21:44 | Construir | Fish Trap |
| 21:47 | Construir | Fish Trap |
| 21:48 | Construir | Fish Trap |
| 21:49 | Construir | Fish Trap |
| 21:58 | Edad | Edad de los Castillos |
| 22:27 | Construir | Lumber Camp |
| 22:30 | Investigar | Gillnets |
| 22:44 | Investigar | War Galley (upgrade) |
| 22:56 | Crear | Galley |
| 22:56 | Crear | Galley |
| 22:59 | Crear | Fishing Ship |
| 23:00 | Crear | Fishing Ship |
| 23:05 | Crear | Villager (Male) |
| 23:05 | Crear | Villager (Male) |
| 23:06 | Crear | Villager (Male) |
| 23:36 | Construir | Town Center |
| 24:26 | Crear | Galley ×3 |
| 24:40 | Crear | Villager (Male) |
| 24:40 | Crear | Villager (Male) |
| 24:43 | Construir | House |
| 24:45 | Investigar | Fletching |
| 24:47 | Investigar | Padded Archer Armor |
| 24:49 | Investigar | Scale Barding Armor |
| 24:51 | Investigar | Forging |
| 24:52 | Crear | Villager (Male) |
| 24:52 | Crear | Villager (Male) |
| 25:15 | Construir | Farm |
| 25:16 | Construir | Farm |
| 25:23 | Crear | Villager (Male) |
| 25:46 | Construir | Monastery |
| 25:47 | Crear | Villager (Male) |
| 25:47 | Crear | Villager (Male) |
| 25:47 | Crear | Villager (Male) |
| 25:51 | Construir | Mining Camp |
| 25:56 | Crear | Villager (Male) |
| 26:10 | Crear | Galley |
| 26:13 | Crear | Fire Galley |
| 26:15 | Crear | Fire Galley |
| 26:17 | Crear | Fire Galley |
| 26:18 | Crear | Fire Galley |
| 26:33 | Construir | House |
| 26:34 | Crear | Monk |
Cronología de la partida
| 0:57 | CSJ · wall_segment Palisade Wall x2 |
| 1:25 | CSJ · wall_segment Palisade Wall x1 |
| 1:28 | CSJ · wall_segment Palisade Wall x1 |
| 1:38 | CSJ · wall_segment Palisade Wall x7 |
| 2:08 | CSJ · wall_segment Palisade Wall x1 |
| 2:11 | CSJ · wall_segment Palisade Wall x3 |
| 2:12 | CSJ · wall_segment Palisade Wall x1 |
| 2:38 | CSJ · wall_segment Palisade Wall x1 |
| 2:54 | CSJ · wall_segment Palisade Wall x1 |
| 2:55 | CSJ · wall_segment Palisade Wall x3 |
| 3:44 | A Pink Elephant · first_building Dock |
| 7:53 | CSJ · first_building Dock |
| 9:06 | A Pink Elephant · wall_segment Palisade Wall x4 |
| 9:10 | A Pink Elephant · wall_segment Palisade Wall x9 |
| 10:48 | CSJ · age_up feudal |
| 10:58 | A Pink Elephant · wall_segment Palisade Wall x8 |
| 10:59 | A Pink Elephant · age_up feudal |
| 11:12 | A Pink Elephant · first_building Barracks |
| 12:25 | A Pink Elephant · wall_segment Palisade Wall x3 |
| 14:27 | A Pink Elephant · first_market_sell 100 food |
| 15:53 | CSJ · first_building Barracks |
| 16:43 | A Pink Elephant · first_building Stable |
| 18:29 | CSJ · first_building Stable |
| 18:58 | A Pink Elephant · age_up castle |
| 21:00 | A Pink Elephant · first_building Castle |
| 21:58 | CSJ · age_up castle |
| 25:46 | CSJ · first_building Monastery |
| 30:35 | CSJ · first_building Castle |
| 31:32 | CSJ · first_building Archery Range |
| 33:56 | A Pink Elephant · first_building Monastery |
| 34:20 | A Pink Elephant · first_building Siege Workshop |
| 35:55 | A Pink Elephant · age_up imperial |
| 39:11 | CSJ · first_building Siege Workshop |
| 47:35 | CSJ · age_up imperial |
| 58:42 | CSJ · first_market_sell 500 food |
| 61:25 | CSJ · first_market_buy 100 stone |
| 63:08 | CSJ · resign |
[ ANÁLISIS IA · 1 CRÉDITO ]
¿Qué pasó realmente en esta partida?
Wolo.gg analiza cada decisión: build order, eco, micro, errores típicos por bracket. Análisis personalizado por WhatsApp o Discord en 30 segundos.
Guía civ
Mongoles
Guía mapa
MegaRandom
Perfil
Jugador #533862